 Dungeon Crawl Stone Soup version 0.20.1-1-g8b1a95d (webtiles) character file.

25 Sayu92 the Caller (level 3, 0/36 HPs)
             Began as a Barachi Summoner on Dec 10, 2017.
             Slain by a hobgoblin (3 damage)
             ... led by Robin
             ... on level 1 of the Dungeon.
             The game lasted 00:17:48 (1537 turns).

Sayu92 the Caller (Barachi Summoner)                Turns: 1537, Time: 00:17:48

Health: 0/36       AC:  2    Str: 14    XL:     3   Next: 4%
Magic:  2/6        EV: 12    Int: 21    God:
Gold:   39         SH:  0    Dex: 12    Spells: 4/7 levels left

rFire    . . .     SeeInvis .   g - +0 spear
rCold    . . .     Gourm    .   (no shield)
rNeg     . . .     Faith    .   a - +0 robe
rPois    .         Spirit   .   (no helmet)
rElec    .         Reflect  .   (no cloak)
rCorr    .         Harm     .   (no gloves)
MR       .....                  (no boots)
Stlth    ..........             (no amulet)
Regen    0.2/turn               (no ring)
MPRegen  0.1/turn               (no ring)

@: brilliant, berserking, lethally poisoned (0 -> -1), can't hop, flying, very
quick
A: +LOS, swims, slowness 1, strong legs 1
a: Hop


You were on level 1 of the Dungeon.
You were not hungry.

You visited 1 branch of the dungeon, and saw 2 of its levels.

You collected 39 gold pieces.

Inventory:

Hand Weapons
 g - a +0 spear (weapon)
Armour
 a - a +0 robe (worn)
Scrolls
 d - a scroll of random uselessness {unknown}
 e - a scroll of fog {unknown}
 f - a scroll of immolation {unknown}
 h - a scroll of identify {unknown}
 i - a scroll of teleportation
 n - a scroll of remove curse {unknown}
Books
 b - a book of Callings

   Spells                             Type                      Level
   a - Summon Small Mammal            Summoning                    1
   b - Call Imp                       Summoning                    2
   c - Call Canine Familiar           Summoning                    3
   d - Summon Guardian Golem          Hexes/Summoning              3
   e - Summon Lightning Spire         Summoning/Air                4
   f - Summon Ice Beast               Ice/Summoning                4
Comestibles
 c - a bread ration
 l - a royal jelly
 o - 4 chunks of flesh


   Skills:
 - Level 2.1 Dodging
 - Level 1.7 Stealth
 + Level 2.6 Spellcasting
 * Level 5.6 Summonings


You had 4 spell levels left.
You knew the following spells:

 Your Spells              Type           Power        Failure   Level  Hunger
a - Summon Small Mammal   Summ           ####         1%          1    None
b - Call Imp              Summ           #####...     1%          2    ##.....


Dungeon Overview and Level Annotations

Branches:
Dungeon (2/15)

Altars:

Annotations:
D:2 Robin


Innate Abilities, Weirdness & Mutations

Shadows flee at your approach. (+LOS)
You can swim through water.
You cover ground slowly.
You can hop short distances.


Message History

The adder bites your bat.
Your bat dies!
Your bat's corpse disappears in a puff of smoke!
The hobgoblin hits something but does no damage.
You are too berserk!
You hit the adder.
The adder is heavily wounded.
The adder misses you.
You puncture the adder!
You kill the adder!
You have reached level 3!
Your experience leads to an increase in your attributes!
Your base attributes are Str 9, Int 15, Dex 12.
Increase (S)trength, (I)ntelligence, or (D)exterity?
You feel clever.
You feel sick.
You puncture the kobold!
You kill the kobold!
The goblin barely misses you. The hobgoblin hits you.
You die...

..## #..#..#.#.......####.#.#.##.
.## ##..#............# #.#.#.##.
## ##...#..#.##......# #.#.#.##.
####..........#......####.#.#....
#.............#.###...........##.
........#.....#.# #######.######.
.....##.###..##.# #........
####.##....)).5g#################
#.##.###.>.gg@......# #.##.#
#.##########.# #.##.###.#### #.#
#.##........# #.# #.######.##.#
#.# #.........#.# #.#
########..#.# #.# #..#.# #.#
####.# #.#


You could see a hobgoblin, 2 goblins and a friendly shadow imp.

Vanquished Creatures
  An adder (D:1)
  A goblin (D:1)
  3 hobgoblins (D:1)
  A kobold (D:1)
  4 rats (D:1)
10 creatures vanquished.

Vanquished Creatures (collateral kills)
  A bat (D:1)
  A giant cockroach (D:1)
  2 goblins (D:1)
  2 hobgoblins (D:1)
  3 kobolds (D:1)
  3 rats (D:1)
12 creatures vanquished.

Grand Total: 22 creatures vanquished

Notes
Turn   | Place    | Note
-------+----------+-------------------------------------------
     0 | D:1      | Sayu92 the Barachi Summoner began the quest for the Orb.
     0 | D:1      | Reached XP level 1. HP: 13/13 MP: 3/3
   259 | D:1      | Reached skill level 5 in Summonings
   777 | D:1      | Reached XP level 2. HP: 16/19 MP: 0/5
   819 | D:1      | Learned a level 2 spell: Call Imp
  1433 | D:2      | Noticed Robin
  1535 | D:1      | Reached XP level 3. HP: 4/24 MP: 2/6
  1537 | D:1      | Slain by a hobgoblin

Skill      XL: |  1 |
---------------+----+-----
Summonings     | 5 |  5.6
Dodging        | |  2.1
Stealth        | |  1.7
Spellcasting   | |  2.6

Action                   || total
-------------------------++-------
Melee: Spear             ||    21
 Cast: Summon Small Mamm ||    30
       Call Imp          ||     4
 Abil: Hop               ||     6
  Use: Potion            ||     3
       Scroll            ||     1
 Stab: Distracted        ||     1
       Sleeping          ||     1
  Eat: Chunk             ||     3
Armor: Robe              ||     1
Dodge: Dodged            ||    42
